 Dungeon Crawl Stone Soup version 0.30-a0-4-ga7cffc901d (webtiles) character file.

Game seed: 6060663603876257799

5236 Sweeb the Cruncher (level 10, -7/79 HPs)
             Began as a Mummy Gladiator on Aug 21, 2022.
             Was an Elder of Okawaru.
             Mangled by a two-headed ogre
             ... wielding a +0 giant club
              (21 damage)
             ... on level 9 of the Dungeon.
             The game lasted 00:17:20 (10405 turns).

Sweeb the Cruncher (Mummy Gladiator)               Turns: 10405, Time: 00:17:20

Health: -7/79      AC: 12    Str: 18    XL:     10   Next: 35%
Magic:  13/13      EV: 13    Int: 10    God:    Okawaru [****..]
Gold:   336        SH:  0    Dex: 21    Spells: 9/9 levels left

rFire   . . .      SeeInvis .    a - +0 quarterstaff (venom)
rCold   + . .      Faith    .    (shield currently unavailable)
rNeg    + + +      Spirit   .    l - +1 leather armour {rF+}
rPois   ∞          Reflect  .    t - +2 helmet
rElec   .          Harm     .    z - +2 cloak
rCorr   .          Rampage  .    p - +0 pair of gloves
Will    ++...                    b - +0 pair of boots
Stlth   +++.......               q - amulet of the acrobat
HPRegen 0.23/turn                k - ring of willpower
MPRegen 0.13/turn                v - +6 ring of dexterity

@: no status effects
A: cold resistance 1, negative energy resistance 3, torment resistance 2, heat
vulnerability 1, in touch with death 1, no potions
a: Renounce Religion, Heroism, Finesse


You were on level 9 of the Dungeon.
You worshipped Okawaru.
Okawaru was greatly pleased with you.
You visited 2 branches of the dungeon, and saw 11 of its levels.
You also visited: Ossuary.

You collected 336 gold pieces.

Inventory:

Hand Weapons
 a - a +0 quarterstaff of venom (weapon)
Missiles
 e - 4 javelins
 g - an atropa-tipped dart (quivered)
 i - 81 poisoned darts
Armour
 b - a +0 pair of boots (worn)
 c - a +0 helmet
 f - a +0 cloak
 l - a +1 leather armour of fire resistance (worn)
 p - a +0 pair of gloves (worn)
 t - a +2 helmet (worn)
 x - +0 steam dragon scales
 z - a +2 cloak (worn)
Jewellery
 j - a ring of protection from fire
 k - a ring of willpower (left hand)
 q - an amulet of the acrobat (around neck)
 v - a +6 ring of dexterity (right hand)
 w - a +4 ring of protection
 B - a +6 ring of intelligence
Wands
 r - a wand of paralysis (10)
 u - a wand of roots (17)
 A - a wand of mindburst (20)
Scrolls
 d - 3 scrolls of fear
 h - 5 scrolls of teleportation
 m - a scroll of noise
 n - 2 scrolls of vulnerability
 o - 2 scrolls of amnesia
 y - a scroll of identify
 C - a scroll of blinking


   Skills:
 + Level 7.4 Fighting
 * Level 8.9 Staves
 - Level 1.5 Throwing
 - Level 2.4 Dodging
 + Level 6.3 Stealth
 + Level 5.2 Invocations


You had 9 spell levels left.
You didn't know any spells.
Your spell library contained the following spells:

 Spells                   Type           Power      Damage    Failure   Level
 Sandblast                Erth           0%         2d4       41%         1
 Ensorcelled Hibernation  Hex/Ice        0%         N/A       56%         2
 Passwall                 Tmut/Erth      0%         N/A       56%         2
 Portal Projectile        Hex/Tloc       0%         N/A       80%         3
 Stone Arrow              Conj/Erth      0%         3d7       80%         3
 Anguish                  Hex/Necr       0%         N/A       99%         4
 Leda's Liquefaction      Hex/Erth       0%         N/A       99%         4
 Fireball                 Conj/Fire      0%         3d3       100%        5
 Iskenderun's Battlesphe  Conj           0%         2d6       100%        5
 Conjure Ball Lightning   Conj/Air       0%         3x3d6     100%        6
 Orb of Destruction       Conj           0%         9d5       100%        7
 Maxwell's Capacitive Co  Air            0%         ∞         100%        8
 Call Canine Familiar     Summ           Unusable   N/A       N/A         3
 Spider Form              Tmut/Pois      Unusable   N/A       N/A         3
 Summon Lightning Spire   Summ/Air       Unusable   N/A       N/A         4
 Storm Form               Tmut/Air       Unusable   N/A       N/A         7

Dungeon Overview and Level Annotations

Branches:
Dungeon (10/15)            Temple (1/1) D:4         Ossuary (visited)
   Lair: D:8-11         Orc: D:9-12

Altars:
Cheibriados
Dithmenos
Fedhas
Gozag
Hepliaklqana
Kikubaaqudgha
Makhleb
Nemelex Xobeh
Okawaru
Qazlal
Ru
Sif Muna
Trog
Vehumet
Wu Jian
Xom
Yredelemnul

Shops:
D:3 =   D:5 **   D:9 =

Annotations:
D:6 3 runed translucent doors, SensoryNuts's ghost, novice FoFi
D:7 1 transporter, SirDiesAlot's ghost, novice MiGl


Innate Abilities, Weirdness & Mutations

You are immune to poison.
Your flesh is cold resistant. (rC+)
You are immune to negative energy. (rN+++)
You are immune to unholy pain and torment.
You are vulnerable to heat. (rF-)
You are in touch with the powers of death.
You do not drink.


Message History

The two-headed ogre resists.
The two-headed ogre barely misses you. The two-headed ogre closely misses you.
You hit the two-headed ogre but do no damage.
The two-headed ogre is poisoned.
The two-headed ogre hits you with a +0 giant club!
The two-headed ogre hits you with a +0 giant club.
You sock the two-headed ogre!
The two-headed ogre is moderately wounded.
You hit the two-headed ogre.
The two-headed ogre looks as sick as possible!
The two-headed ogre is moderately wounded.
The two-headed ogre hits you with a +0 giant club!
The two-headed ogre hits you with a +0 giant club!!
There is an open door here.
Throw: 3 darts (atropa)
Press: ? - help, Q - select action, (/) - cycle Shift-Dir - straight line, f/p - two-headed ogre
Aim: a two-headed ogre, wielding two +0 giant clubs (moderately wounded, very poisoned, 78% to hit, chance to blind on hit: 3%)
You throw an atropa-tipped dart.
The atropa-tipped dart hits the two-headed ogre.
The two-headed ogre resists.
The two-headed ogre is moderately wounded.
The two-headed ogre attacks as you move away!
The two-headed ogre completely misses you.
The two-headed ogre misses you.
The two-headed ogre attacks as you move away!
The two-headed ogre completely misses you.
The two-headed ogre misses you.
Throw: 2 darts (atropa)
Press: ? - help, Q - select action, (/) - cycle Shift-Dir - straight line, f/p - two-headed ogre
Aim: a two-headed ogre, wielding two +0 giant clubs (moderately wounded, very poisoned, 78% to hit, chance to blind on hit: 22%)
You throw an atropa-tipped dart.
The atropa-tipped dart hits the two-headed ogre.
The two-headed ogre resists.
The two-headed ogre is moderately wounded.
The kobold attacks as you move away! The kobold hits you but does no damage.
The two-headed ogre attacks as you move away!
The two-headed ogre hits you with a +0 giant club!
* * * LOW HITPOINT WARNING * * *
The two-headed ogre hits you with a +0 giant club!!
You die...

#...# #.# ######'##
#.# #.......#
######(###
#...<...####........#
#.......#))'........#
#.......#)##..[.....#
#.......#)##........#
#.......+.##..).OK..#
+.......####....@...#
#.......# #........#
#.......# #........#
####+#### #####'####
#.. +######## ###.
.?......# . ........#
. ...<....#


You could see a two-headed ogre (very poisoned) and a kobold.

Vanquished Creatures
  Maggie (D:7)
  Sigmund (D:3)
  A wyvern (D:9)
  A steam dragon (D:8)
  Menkaure (D:6)
  2 sky beasts (D:7)
  A black bear (D:5)
  An orc warrior (D:6)
  3 ice beasts
  3 ogres
  3 centaurs
  A phantom (D:7)
  10 kobold brigands
  Blork the orc (D:4)
  3 bullfrogs
  2 necrophages
  4 scorpions
  A water moccasin zombie (Ossuary)
  11 wights
  4 killer bees (D:8)
  5 howler monkeys
  3 orc priests
  3 hounds
  3 jellies
  7 iguanas
  Terence (D:3)
  5 orc wizards
  2 mummies (Ossuary)
  Robin (D:3)
  5 adders
  3 gnolls
  4 shadow imps (D:4)
  2 white imps (D:4)
  5 ufetubi
  3 adder zombies (Ossuary)
  2 worms
  A dart slug (D:1)
  18 orcs
  3 ball pythons
  8 endoplasms
  5 giant cockroaches
  15 goblins
  4 hobgoblins
  10 jackals
  2 quokkas
  9 bats
  4 frilled lizards
  6 gnoll zombies (Ossuary)
  A goblin zombie (D:4)
  2 hobgoblin zombies (Ossuary)
  20 kobolds
  5 kobold zombies (Ossuary)
  9 orc zombies (Ossuary)
  A quokka zombie (D:4)
  4 rats
236 creatures vanquished.

Vanquished Creatures (others)
  A howler monkey (D:8)
  2 demonic plants (D:4)
  7 plants (D:2)
10 creatures vanquished.

Grand Total: 246 creatures vanquished

Notes
Turn   | Place    | Note
-------+----------+-------------------------------------------
     0 | D:1      | Sweeb the Mummy Gladiator began the quest for the Orb.
     0 | D:1      | Reached XP level 1. HP: 16/16 MP: 1/1
   360 | D:1      | Found a faded altar of an unknown god.
   369 | D:1      | Reached XP level 2. HP: 22/22 MP: 2/2
   959 | D:2      | Reached skill level 3 in Staves
  1010 | D:2      | Reached skill level 1 in Stealth
  1010 | D:2      | Gained mutation: You are in touch with the powers of death.
                  | [Mummy growth]
  1010 | D:2      | Reached XP level 3. HP: 23/28 MP: 3/3
  1738 | D:3      | Noticed Sigmund
  1738 | D:3      | Noticed Terence
  1880 | D:3      | Found Boufagra's Jewellery Shoppe.
  1898 | D:3      | Reached XP level 4. HP: 29/34 MP: 4/4
  1944 | D:3      | Found a sparkling altar of Nemelex Xobeh.
  2038 | D:3      | Killed Sigmund
  2039 | D:3      | Reached skill level 4 in Staves
  2039 | D:3      | Reached XP level 5. HP: 36/41 MP: 5/5
  2235 | D:3      | Reached XP level 6. HP: 40/47 MP: 6/6
  2237 | D:3      | Noticed Robin
  2260 | D:3      | Killed Robin
  2504 | D:3      | Killed Terence
  2891 | D:4      | Found a sand-covered staircase.
  2910 | Ossuary  | Entered an ossuary
  2972 | Ossuary  | Reached skill level 5 in Staves
  3087 | Ossuary  | Reached XP level 7. HP: 54/54 MP: 7/7
  3385 | D:4      | Found a staircase to the Ecumenical Temple.
  3395 | Temple   | Entered the Ecumenical Temple
  3548 | Temple   | Became a worshipper of Warmaster Okawaru
  3802 | D:4      | Reached skill level 1 in Invocations
  3972 | D:4      | Noticed Blork the orc
  3987 | D:4      | Killed Blork the orc
  4460 | D:5      | Entered Level 5 of the Dungeon
  4554 | D:5      | Reached skill level 6 in Staves
  4554 | D:5      | Reached XP level 8. HP: 48/61 MP: 9/9
  4646 | D:5      | Found Egumo's General Store.
  4648 | D:5      | Found Logof's Specific Store.
  4677 | D:5      | Reached skill level 5 in Fighting
  4700 | D:5      | Reached * piety under Okawaru
  5652 | D:6      | Found a sacrificial altar of Ru.
  6038 | D:6      | Noticed Menkaure
  6052 | D:6      | Killed Menkaure
  6052 | D:6      | Reached ** piety under Okawaru
  6053 | D:6      | Reached skill level 7 in Staves
  6069 | D:6      | Found a hazy altar of Hepliaklqana.
  6074 | D:6      | Reached XP level 9. HP: 11/69 MP: 11/11
  6398 | D:6      | Found a bloodstained altar of Trog.
  6398 | D:6      | Found an opulent altar of Gozag.
  6405 | D:6      | Found a sacrificial altar of Ru.
  6407 | D:6      | Found a basalt altar of Yredelemnul.
  6409 | D:6      | Found a burning altar of Makhleb.
  6598 | D:6      | Found an ancient bone altar of Kikubaaqudgha.
  6633 | D:6      | Reached skill level 5 in Stealth
  6708 | D:6      | Found a runed translucent gate.
  6709 | D:6      | Found a runed translucent gate.
  6710 | D:6      | Found a runed translucent gate.
  6714 | D:6      | Found an opulent altar of Gozag.
  6715 | D:6      | Noticed SensoryNuts's ghost (novice FoFi)
  7199 | D:6      | Found a sacrificial altar of Ru.
  7866 | D:7      | Reached skill level 8 in Staves
  7868 | D:7      | Noticed Maggie
  7886 | D:7      | Killed Maggie
  7886 | D:7      | Reached *** piety under Okawaru
  8103 | D:7      | Found a transporter.
  8106 | D:7      | Identified the +9 dire flail of Superiority {distort, Str+5
                  | Int-5 Dex+2}
  8116 | D:7      | Noticed SirDiesAlot's ghost (novice MiGl)
  8473 | D:8      | Noticed a skeletal warrior
  8473 | D:8      | Noticed a skeletal warrior
  8473 | D:8      | Noticed a skeletal warrior
  8473 | D:8      | Noticed a skeletal warrior
  8473 | D:8      | Noticed a skeletal warrior
  8473 | D:8      | Noticed a two-headed ogre
  8664 | D:8      | Noticed a two-headed ogre
  8854 | D:8      | Reached XP level 10. HP: 42/77 MP: 13/13
  9378 | D:9      | Found a snail-covered altar of Cheibriados.
  9707 | D:9      | Found Fevvual's Jewellery Boutique.
  9912 | D:10     | Entered Level 10 of the Dungeon
  9935 | D:9      | Reached skill level 5 in Invocations
 10229 | D:9      | Reached **** piety under Okawaru
 10383 | D:9      | Noticed a two-headed ogre
 10405 | D:9      | Mangled by a two-headed ogre

Illustrated notes

Levels and vault maps discovered:
D:1:      dpeg_arrival_rhombi, layout_loops_ring,
          chequers_ecumenical_altar_island
D:2:      layout_basic, serial_bayou_crossing
D:3:      layout_rooms, mainiacjoe_overflow_boulevard, serial_shops,
          nicolae_shop_behind_doors, uniq_sigmund, uniq_robin, uniq_terence
D:4:      layout_basic, minmay_temple_entry_stoned_glass, enter_ossuary_4,
          serial_demonic, serial_demonic_a, serial_demonic_g, serial_demonic_a,
          serial_demonic_e, chequers_serial_rivers_large_b,
          kennysheep_generic_room_11, uniq_blork_the_orc
D:5:      layout_rooms, mainiacjoe_overflow_six_doors_small,
          nicolae_specific_store
D:6:      layout_loops_ring, chequers_temple_overflow_minitemple,
          mainiacjoe_overflow_small_starburst, kiku_gazebo_pond_becter,
          ebering_ghost_gozag, hangedman_feature_mirror, uniq_menkaure
D:7:      layout_loops_cross, gammafunk_ghost_smash, uniq_maggie
D:8:      layout_cave_pools, evilmike_ruin_ashenzari
D:9:      layout_roguey [special_room_kobold],
          mainiacjoe_overflow_cross_hatched, david_lair_generic, serial_shops,
          kennysheep_little_box
D:10:     layout_rooms, nicolae_uskayaw_dance_studio, orc_0_dummy,
          disabler_island, uniq_maurice, uniq_joseph
Temple:   dpeg_chambers_temple

Skill      XL: |  1  2  3  4  5  6  7  8  9 10 |
---------------+-------------------------------+-----
Staves         | 3 4 5 6 7 8 |  8.9
Stealth        | 1 2 3 4 5 6 |  6.3
Fighting       | 3 4 5 6 7 |  7.4
Invocations    | 1 3 4 5 |  5.2
Throwing       | |  1.5
Dodging        | |  2.4

Action                   |  1- 3 |  4- 6 |  7- 9 | 10-12 || total
-------------------------+-------+-------+-------+-------++-------
Melee: Quarterstaff      |    93 |   196 |   430 |   147 ||   866
Throw: Throwing net      |       |     2 |     2 |     1 ||     5
       Dart              |       |       |     6 |     5 ||    11
Invok: Heroism           |       |       |     2 |       ||     2
Evoke: Wand              |       |       |       |     1 ||     1
  Use: Scroll            |     4 |     3 |     8 |     2 ||    17
 Stab: Sleeping          |     5 |     2 |     9 |       ||    16
       Distracted        |       |       |     1 |       ||     1
Armor: Leather armour    |    32 |    65 |   153 |    38 ||   288
Dodge: Dodged            |    63 |    83 |   345 |    90 ||   581

Table legend: (Time is in decaauts)
 A = Elapsed time spent in this place.
 B = Non-inter-level travel time spent in this place.
 C = Inter-level travel time spent in this place.
 D = Time resting spent in this place.
 E = Time spent auto-exploring this place.
 F = Levels seen in this place.
 G = Mean time per level.
                   A        B        C        D        E       F      G
               +--------+--------+--------+--------+--------+-----+--------+
         Total |  10442 |   9935 |    507 |   3362 |   4289 |  12 |  870.2 |
       Dungeon |   9834 |   9354 |    480 |   3201 |   4092 |  10 |  983.4 |
        Temple |    239 |    212 |     27 |      0 |    197 |   1 |  239.0 |
       Ossuary |    368 |    368 |      0 |    161 |      0 |   1 |  368.0 |
               +--------+--------+--------+--------+--------+-----+--------+

Top non-repeatable levels by time:
     D:6: 1893 daAuts
     D:2: 1100 daAuts
     D:5: 1082 daAuts
     D:4: 1070 daAuts
     D:3: 1061 daAuts
     D:9: 1017 daAuts
     D:7: 952 daAuts
     D:8: 864 daAuts
     D:1: 790 daAuts
 Ossuary: 368 daAuts
  Temple: 239 daAuts
    D:10: 1 daAuts
